 Dungeon Crawl Stone Soup version 0.31.0-11-ge490571c62 (webtiles) character file.

Game seed: 15672905915693376738

964 Curundu the Chopper (level 7, 0/58 (61) HPs)
             Began as a Minotaur Berserker on Feb 9, 2024.
             Was a Believer of Trog.
             Slain by a wight
             ... wielding a +3 battleaxe
              (14 damage)
             ... on level 6 of the Dungeon.
             The game lasted 00:08:30 (3452 turns).

Curundu the Chopper (Minotaur Berserker)            Turns: 3452, Time: 00:08:31

HP:   0/58 (61)     AC: 10    Str: 24    XL:     7   Next: 93%
MP:   6/6           EV: 11    Int:  4    God:    Trog [**....]
Gold: 158           SH:  0    Dex:  9    Spells: 6/6 levels left

rFire   . . .        a - +1 hand axe
rCold   . . .        (no shield)
rNeg    . . .        n - +0 scale mail
rPois   .            (helmet restricted)
rElec   .            (no cloak)
rCorr   .            (no gloves)
SInv    .            b - +2 pair of boots
Will    ++...        (no amulet) Stlth
                     (no ring)
HPRegen 1.29/turn    (no ring)
MPRegen 0.10/turn

%: no passive effects
@: strong-willed, on berserk cooldown, regenerating, slowed, lightly drained,
very slow
A: horns 2, retaliatory headbutt
a: Renounce Religion, Berserk, Trog's Hand


You were on level 6 of the Dungeon.
You worshipped Trog.
Trog was pleased with you.
You visited 1 branch of the dungeon, and saw 6 of its levels.

You collected 158 gold pieces.

Inventory:

Hand Weapons
 a - a +1 hand axe (weapon)
Armour
 b - a +2 pair of boots (worn)
 n - a +0 scale mail (worn)
Jewellery
 c - an amulet of magic regeneration
 r - a ring of see invisible
Wands
 t - a wand of mindburst (16)
Scrolls
 i - 3 scrolls of teleportation {unknown}
 k - 3 scrolls of identify {unknown}
 q - a scroll of torment {unknown}
 u - a scroll of revelation {unknown}
Potions
 d - 2 potions of attraction {unknown}
 e - a potion of might {unknown}
 f - a potion of invisibility {unknown}
 g - a potion of mutation {unknown}
 h - 2 potions of haste {unknown}
 j - 2 potions of ambrosia {unknown}
 l - a potion of brilliance {unknown}
 m - a potion of curing {unknown}
 o - a potion of degeneration {unknown}
 p - a potion of berserk rage {unknown}
 s - a potion of lignification {unknown}


   Skills:
 + Level 5.6 Fighting
 + Level 7.3 Axes
 * Level 5.0 Armour
 + Level 3.5 Dodging
 - Level 0.2 Stealth
 * Level 3.7 Shields
 * Level 2.5 Evocations


You had 6 spell levels left.
You didn't know any spells.
Your spell library was empty.

Dungeon Overview and Level Annotations

Branches:
Dungeon (7/15)
 Temple: D:4-7

Altars:
Xom


Innate Abilities, Weirdness & Mutations

You have a pair of horns on your head.
You reflexively headbutt those who attack you in melee.


Message History

Trog accepts your kill.
A wight comes into view. It is wielding a +3 battleaxe.
Items here: )) [[ †.
A wight and an orc priest come into view.
Found a stone staircase leading down.
You feel a strong urge to attack something.
The orc priest shouts!
The orc barely misses you. The orc hits you with a +0 flail.
Things that are here:
a +0 great sword; a +0 robe You closely miss the orc.
Your headbutt misses the orc. You hit the orc. You slash the orc!
You kill the orc!
Trog accepts your kill.
You slash the orc!
You kill the orc!
Trog accepts your kill.
An orc comes into view. It is wielding a +0 morningstar.
An orc comes into view. It is wielding a +0 mace.
Your Armour skill increases to level 5!
Items here: )) [[ †.
Okay, then.
You feel a strong urge to attack something.
You see here 5 boomerangs.
You are no longer berserk.
You are exhausted.
You feel yourself slow down.
You hit the wight.
The wight is lightly damaged.
The orc priest looks encouraged for a moment.
The wight hits you with a +3 battleaxe!
* * * LOW HITPOINT WARNING * * *
You feel drained.
* * * LOW HITPOINT WARNING * * *
The wight hits you with a +3 battleaxe.
* * * LOW HITPOINT WARNING * * *
You hit the wight.
The wight is heavily damaged.
The wight hits you with a +3 battleaxe!
You die...

#.# #... #.#####
##.# ..
##.....###..#####.##
.#..................
.#.........†.####.#
.#..)..#.###..# .#
.)..#.#..# ##<###.#
...)#...## #.##..#
.#)......# #.##@#
###.......###.##z#
..#.........o#z###
####..........hzo.##
#...###.#..o)..#
...# #.###)#..#..#
...# #. #))......
........)#.....
#####.........#


You could see a hound, 3 wights, an orc priest and an orc.

Vanquished Creatures
  Grinder (D:4)
  Menkaure (D:4)
  A kobold brigand (D:4)
  6 wights (D:6)
  A hound (D:6)
  A jelly (D:4)
  A sleepcap (D:3)
  An iguana (D:6)
  An orc wizard (D:6)
  A gnoll (D:1)
  5 adders
  2 dart slugs
  8 orcs
  5 bats
  6 endoplasms
  4 giant cockroaches
  7 goblins
  4 hobgoblins
  8 jackals
  7 kobolds
  2 quokkas
  6 ball pythons
  6 frilled lizards
  6 rats
91 creatures vanquished.

Notes
Turn   | Place    | Note
-------+----------+-------------------------------------------
     0 | D:1      | Curundu the Minotaur Berserker began the quest for the Orb.
     0 | D:1      | Reached XP level 1. HP: 19/19 MP: 0/0
   196 | D:1      | Reached XP level 2. HP: 27/27 MP: 1/1
   206 | D:1      | Reached skill level 4 in Axes
   418 | D:1      | Reached XP level 3. HP: 28/33 MP: 2/2
  1333 | D:2      | Reached ** piety under Trog
  1745 | D:2      | Found a shimmering altar of Xom.
  1872 | D:3      | Reached XP level 4. HP: 40/41 MP: 3/3
  2381 | D:3      | Reached skill level 5 in Axes
  2767 | D:4      | Noticed Grinder
  2782 | D:4      | Killed Grinder
  2783 | D:4      | Reached skill level 5 in Fighting
  2783 | D:4      | Reached skill level 1 in Shields
  2783 | D:4      | Reached skill level 1 in Evocations
  2783 | D:4      | Reached XP level 5. HP: 36/48 MP: 4/4
  2783 | D:4      | Reached XP level 6. HP: 42/56 MP: 5/5
  2952 | D:4      | Noticed Menkaure
  2966 | D:4      | Killed Menkaure
  2967 | D:4      | Reached skill level 6 in Axes
  2989 | D:4      | Reached XP level 7. HP: 24/61 MP: 6/6
  3160 | D:4      | You fall into a shaft and drop 3 floors!
  3404 | D:6      | Reached skill level 7 in Axes
  3445 | D:6      | Reached skill level 5 in Armour
  3452 | D:6      | Slain by a wight

Illustrated notes

Levels and vault maps discovered:
D:1:      lemuel_arrival_tunnels, layout_basic
D:2:      layout_basic, basic_altar, minmay_strange_pillars,
          chequers_serial_rivers_large_a
D:3:      layout_basic, minmay_crystal_room
D:4:      layout_rooms, kennysheep_little_box, st_stairs_5, uniq_pikel,
          uniq_grinder, uniq_menkaure
D:6:      layout_rooms, enter_ossuary_5, hangedman_decor_slide_cut,
          uniq_jeremiah
D:7:      layout_loops_cross, lemuel_doored_altar, overflow_temple_1_default

Skill      XL: |  1  2  3  4  5  6  7 |
---------------+----------------------+-----
Fighting       | 4 5 |  5.6
Axes           | 4 5 6 7 |  7.3
Dodging        | 3 |  3.5
Armour         | 3 4 5 |  5.0
Shields        | 1 2 3 |  3.7
Evocations     | 1 2 |  2.5
Stealth        | |  0.2

Action                     |  1- 3 |  4- 6 |  7- 9 || total
---------------------------+-------+-------+-------++-------
  Melee: Hand axe          |    86 |    81 |    54 ||   221
         Headbutt          |    11 |    10 |     7 ||    28
         Punch             |     2 |       |       ||     2
 Invoke: Trog's Hand       |       |     2 |     1 ||     3
         Berserk           |       |       |     2 ||     2
    Use: Scroll            |     1 |       |       ||     1
   Stab: Sleeping          |     1 |       |       ||     1
 Armour: Animal skin       |    47 |     6 |       ||    53
         Scale mail        |       |    48 |    43 ||    91
  Dodge: Dodged            |    90 |    51 |    36 ||   177
